General information
	        
			
        
        - name: game
 
        - type: Ladder 1vs1/FFA
 
        - host: NADMaN
 
        - saver: TIMG4STRok
 
        
map: SecretValley 
        - players: 4
 
        - length: 18:29
 
        - speed: Fast
 - version: 1.22 W3XP
 - replay type:  

 
» download(136 KB)
Players
        team 1 (winner) 
              
              
» 
TIMG4STRok (
gray | 172 APM | 3181 actions | 18:29)
              
 6 Archmage 
 3 Summon Water Elemental
 2 Brilliance Aura
 1 Mass Teleport
 5 Mountain King 
 3 Storm Bolt
 2 Bash
 
                » actions 
                
                | Assign group hotkey | 26 |  | 
| Basic commands | 157 |  | 
| Build / train | 62 |  | 
| ESC pressed | 3 |  | 
| Enter build submenu | 29 |  | 
| Enter hero's abilities submenu | 11 |  | 
| Give item / drop item | 1 |  | 
| Right click | 1430 |  | 
| Select / deselect | 400 |  | 
| Select group hotkey | 970 |  | 
| Use ability | 92 |  | 
                3181 total
 » units 
                
                | Peasant | 14 |  | 
| Footman | 8 |  | 
| Spell Breaker | 6 |  | 
| Priest | 5 |  | 
                33 total
 » upgrades
                
                | Priest Training | 2 |  | 
| Plating | 1 |  | 
| Swords | 2 |  | 
                5 total
 » buildings
                
                | Altar of Kings | 1 |  | 
| Barracks | 1 |  | 
| Farm | 14 |  | 
| Scout Tower | 1 |  | 
| Arcane Tower | 1 |  | 
| Arcane Vault | 1 |  | 
| Keep | 3 |  | 
| Arcane Sanctum | 2 |  | 
| Blacksmith | 1 |  | 
| Town Hall | 1 |  | 
| Castle | 1 |  | 
| Lumber Mill | 1 |  | 
| Gryphon Aviary | 4 |  | 
                32 total
 » build order
                00:04 Altar of Kings
00:08 Barracks
00:22 Farm
00:59 Farm
01:21 Scout Tower
01:32 Farm
01:34 Farm
02:02 Arcane Tower
03:47 Arcane Vault
04:25 Keep
04:25 Keep
04:25 Keep
04:56 Farm
06:00 Farm
06:09 Farm
06:13 Farm
06:46 Arcane Sanctum
06:47 Arcane Sanctum
10:45 Farm
10:57 Blacksmith
11:45 Town Hall
13:02 Castle
13:44 Farm
14:23 Lumber Mill
14:48 Farm
15:09 Farm
15:10 Farm
17:06 Farm
17:10 Gryphon Aviary
17:11 Gryphon Aviary
17:12 Gryphon Aviary
17:25 Gryphon Aviary
» items
                
                | Scroll of Regeneration | 2 |  | 
| Scroll of Town Portal | 1 |  | 
                3 total
  
               team 2 (loser) 
              
              
Mata. (
green | 178 APM | 3289 actions | 18:28)
              
 5 Archmage 
 3 Summon Water Elemental
 2 Brilliance Aura
 3 Mountain King 
 2 Storm Bolt
 1 Thunder Clap
 1 Paladin 
 1 Holy Light
 
                » actions 
                
                | Assign group hotkey | 213 |  | 
| Basic commands | 21 |  | 
| Build / train | 61 |  | 
| Enter build submenu | 23 |  | 
| Enter hero's abilities submenu | 9 |  | 
| Remove unit from queue | 3 |  | 
| Right click | 1452 |  | 
| Select / deselect | 697 |  | 
| Select group hotkey | 648 |  | 
| Use ability | 162 |  | 
                3289 total
 » units 
                
                | Peasant | 13 |  | 
| Footman | 8 |  | 
| Priest | 4 |  | 
| Sorceress | 1 |  | 
| Spell Breaker | 5 |  | 
                31 total
 » upgrades
                » buildings
                
                | Altar of Kings | 1 |  | 
| Barracks | 1 |  | 
| Farm | 9 |  | 
| Scout Tower | 3 |  | 
| Keep | 2 |  | 
| Arcane Vault | 1 |  | 
| Arcane Tower | 2 |  | 
| Arcane Sanctum | 2 |  | 
| Castle | 1 |  | 
| Lumber Mill | 1 |  | 
| Blacksmith | 1 |  | 
                24 total
 » build order
                00:04 Altar of Kings
00:18 Barracks
00:32 Farm
00:53 Farm
01:05 Farm
02:07 Farm
02:35 Scout Tower
04:40 Keep
04:40 Keep
04:44 Farm
04:47 Scout Tower
04:53 Scout Tower
04:57 Arcane Vault
05:29 Arcane Tower
05:41 Farm
07:02 Arcane Sanctum
07:04 Arcane Sanctum
07:34 Farm
09:58 Farm
10:36 Farm
11:07 Castle
14:52 Lumber Mill
14:57 Blacksmith
» items
                
                | Scroll of Town Portal | 3 |  | 
| Staff of Sanctuary | 1 |  | 
                4 total
  
               observersNADMaN, 
BEAR_AND Chat log
          
(09:04 / All) Mata.: my mouse is bad
(09:10 / All) TIMG4STRok: damn
(09:12 / All) Mata.: took me like 5 min to click tp
(13:18 / All) Mata.: my noobscuse this game is going to be mouse
(13:21 / All) Mata.: very hard to make accurate clicks
(13:21 / All) TIMG4STRok: ok
(13:22 / All) Mata.: kept missing
(18:27 / All) Mata.: this is kind of ridiculous
(18:27 / All) Mata.: gg